Map: Lerilak Crest

Players

aPOTATO - Winner!

  • Race: Terran Terran
  • League: Diamond

LilDicky

  • Race: Terran Terran
  • League: Diamond

VOD

http://www.twitch.tv/tumescentpie

Description

Time

  • Played on: Jan. 2, 2016, 10:29 a.m.
  • Length: 6:00
Show
View Real Time Build Order
Export as new Build Order

aPOTATO Terran - Winner!

Build Orders:  

Get SALT Encoding   

  12  0:00  SCV  
  13  0:13  SCV  
  14  0:18  Supply Depot  
  14  0:25  SCV  
  15  0:29  Refinery  
  15  0:39  SCV  
  16  0:46  Barracks  
  16  0:51  SCV  
  17  1:03  SCV  
  18  1:16  SCV  
  19  1:28  SCV  
  20  1:36  Reaper  
  21  1:40  SCV  
  22  1:56  Command Center, Orbital Command  
  22  2:12  Barracks Reactor  
  22  2:18  Factory  
  22  2:23  SCV  
  22  2:26  Supply Depot  
  23  2:39  Refinery  
  23  2:44  Supply Depot  
  23  2:48  SCV, Marine x2  
  26  3:02  Factory Tech Lab, Engineering Bay  
  26  3:05  Starport  
  26  3:06  Marine x2  
  26  3:07  SCV  
  29  3:19  SCV  
  30  3:23  Marine, Orbital Command  
  31  3:31  Cyclone  
  34  3:45  SCV, Starport Tech Lab  
  35  3:49  Marine  
  35  3:50  SCV, Marine  
  38  3:57  SCV  
  39  4:05  Cyclone  
  39  4:08  Marine x2  
  39  4:09  SCV  
  46  4:10  SCV  
  46  4:15  Bunker  
  39  4:32  SCV x2  
  39  4:33  Cloaking Field  
  39  4:40  Missile Turret  
  39  4:43  Missile Turret  
  39  4:46  Marine  
  39  4:47  Siege Tank, Marine  
  45  5:00  SCV x2  
  45  5:04  Banshee, Marine  
  48  5:12  Marine  
  44  5:22  Marine  
  44  5:26  SCV x2  
  47  5:35  Marine  
  48  5:40  Marine  
  49  5:42  Barracks  
  49  5:45  Supply Depot, Barracks x2  
Show
View Real Time Build Order
Export as new Build Order

LilDicky Terran 

Build Orders: 1/1/1, Liberator Opening 

Get SALT Encoding   

  12  0:01  SCV  
  13  0:13  SCV  
  14  0:18  Supply Depot  
  14  0:26  SCV  
  15  0:30  Refinery  
  15  0:39  SCV  
  16  0:46  Barracks  
  16  0:55  SCV  
  17  1:07  SCV  
  18  1:25  SCV  
  18  1:39  Factory, Marine  
  19  1:40  Supply Depot  
  19  1:41  Orbital Command  
  19  1:53  Refinery  
  19  1:57  Marine  
  19  2:13  SCV  
  19  2:15  Marine  
  21  2:18  Supply Depot  
  21  2:22  Factory Tech Lab  
  21  2:29  Starport  
  21  2:32  SCV  
  21  2:35  Marine  
  23  2:44  SCV  
  23  2:51  Siege Tank  
  27  2:52  Liberator  
  27  2:55  Marine  
  27  2:58  SCV  
  32  3:14  Supply Depot  
  32  3:16  SCV  
  32  3:17  Marine  
  34  3:31  SCV  
  34  3:33  Siege Tank  
  38  3:38  Engineering Bay  
  38  3:56  Viking  
  38  3:57  SCV  
  38  3:59  Supply Depot  
  41  4:05  Marine  
  41  4:09  SCV  
  43  4:10  Missile Turret  
  43  4:21  Liberator  
  31  4:31  SCV  
  31  4:37  Siege Tank  
  35  4:45  Marine  
  39  5:07  Marine  
  39  5:08  SCV  
  39  5:09  Siege Tank  
  41  5:27  SCV  
  39  5:30  Marine  
  40  5:39  Command Center  
  40  5:45  SCV  
Tags
 
Add a new tag
Caveats
  • Supply blocks, unpowered buildings, or Contaminate may cause inaccurate times.
  • Supply counts are checked every 10 seconds.